 Dungeon Crawl Stone Soup version 0.28-a0-60-g54b5640690 (webtiles) character file.

Game seed: 18082388619419060685

53230 Demosthentine the Impaler (level 14, -16/119 HPs)
             Began as a Merfolk Gladiator on July 31, 2021.
             Was an Elder of the Shining One.
             Demolished by RaspberryAmber's ghost (38 damage)
             ... on level 4 of the Lair of Beasts.
             The game lasted 00:29:14 (22208 turns).

Demosthentine the Impaler (Merfolk Gladiator)      Turns: 22208, Time: 00:29:14

Health: -16/119    AC:  8    Str: 16    XL:     14   Next: 67%
Magic:  15/22      EV: 26    Int:  8    God:    the Shining One [****..]
Gold:   1082       SH:  0    Dex: 24    Spells: 13/13 levels left

rFire   + . .      SeeInvis .   a - +1 trident (flame)
rCold   . . .      Faith    .   (no shield)
rNeg    + + .      Spirit   .   j - +0 leather armour "Hitaq" {Regen+}
rPois   .          Reflect  .   c - +1 helmet
rElec   .          Harm     .   (no cloak)
rCorr   .          Rampage  .   v - +0 pair of gloves
Will    +....                   l - +0 pair of boots
Stlth   +.........              K - amulet of magic regeneration
HPRegen 1.29/turn               k - +6 ring of dexterity
MPRegen 0.43/turn               u - ring of protection from fire

@: mighty, glowing
A: (nimble swimmer 2), mertail
a: Renounce Religion, Divine Shield, Cleansing Flame


You were on level 4 of the Lair of Beasts.
You worshipped the Shining One.
The Shining One was greatly pleased with you.
You visited 3 branches of the dungeon, and saw 20 of its levels.
You also visited: Sewer.

You collected 2311 gold pieces.
You spent 1082 gold pieces at shops.
You donated 147 gold pieces to Zin.

Inventory:

Hand Weapons
 a - a +1 trident of flaming (weapon)
 w - a +0 vorpal trident
Armour
 c - a +1 helmet (worn)
 j - the +0 leather armour "Hitaq" (worn) {Regen+}
   (You found it on level 6 of the Dungeon)

   Regen:     It increases your rate of health regeneration.
 l - a +0 pair of boots (worn)
 v - a +0 pair of gloves (worn)
Jewellery
 k - a +6 ring of dexterity (left hand)
 o - a ring of protection from cold
 p - a +4 ring of evasion
 u - a ring of protection from fire (right hand)
 D - a ring of willpower
 K - an amulet of magic regeneration (around neck)
 L - a ring of resist corrosion
Wands
 e - a wand of flame (87)
 B - a wand of paralysis (9)
 C - a wand of digging (5)
Scrolls
 d - 2 scrolls of silence
 h - a scroll of enchant weapon
 i - 7 scrolls of teleportation
 m - 2 scrolls of blinking
 q - 2 scrolls of fog
 y - 2 scrolls of magic mapping
 H - 6 scrolls of identify
Potions
 b - a potion of flight
 f - 2 potions of haste
 g - 3 potions of resistance
 n - a potion of cancellation
 r - 5 potions of lignification
 I - 2 potions of curing
 J - a potion of might


   Skills:
 + Level 13.7 Fighting
 + Level 17.3 Polearms
 - Level 2.0 Throwing
 - Level 5.6 Armour
 + Level 16.1 Dodging
 + Level 11.2 Invocations


You had 13 spell levels left.
You didn't know any spells.
Your spell library contained the following spells:

 Spells                   Type           Power      Damage    Failure   Level
 Animate Skeleton         Necr           0%         N/A       45%         1
 Apportation              Tloc           0%         N/A       45%         1
 Corona                   Hex            0%         N/A       45%         1
 Summon Small Mammal      Summ           0%         N/A       45%         1
 Corpse Rot               Necr/Air       N/A        N/A       61%         2
 Ensorcelled Hibernation  Hex/Ice        0%         N/A       61%         2
 Passwall                 Tmut/Erth      0%         N/A       61%         2
 Poisonous Vapours        Pois/Air       0%         N/A       61%         2
 Sublimation of Blood     Necr           0%         N/A       61%         2
 Conjure Flame            Conj/Fire      0%         6-21      83%         3
 Frozen Ramparts          Ice            0%         1d2       83%         3
 Ignite Poison            Fire/Tmut/Pois 0%         N/A       83%         3
 Inner Flame              Hex/Fire       0%         N/A       83%         3
 Swiftness                Air            0%         N/A       83%         3
 Tukima's Dance           Hex            0%         N/A       83%         3
 Cause Fear               Hex            0%         N/A       99%         4
 Ice Form                 Ice/Tmut       0%         N/A       99%         4
 Petrify                  Tmut/Erth      0%         N/A       99%         4
 Sticky Flame             Conj/Fire      0%         2d3       99%         4
 Summon Ice Beast         Ice/Summ       0%         N/A       99%         4
 Alistair's Intoxication  Tmut/Pois      0%         N/A       100%        5
 Freezing Cloud           Conj/Ice/Air   0%         6-21      100%        5
 Irradiate                Conj/Tmut      0%         3d13      100%        5
 Iskenderun's Battlesphe  Conj           0%         2d6       100%        5
 Invisibility             Hex            0%         N/A       100%        6
 Iron Shot                Conj/Erth      0%         9d1       100%        6
 Spellforged Servitor     Conj/Summ      0%         N/A       100%        7
 Discord                  Hex            0%         N/A       100%        8


Dungeon Overview and Level Annotations

Branches:
Dungeon (15/15)            Temple (1/1) D:7            Lair (4/6) D:9
 Shoals (0/4) Lair:3        Snake (0/4) Lair:3          Orc (0/2) D:12
 Vaults (0/5) D:14         Depths (0/5) D:15          Sewer (visited)

Altars:
Ashenzari
Cheibriados
Dithmenos
Elyvilon
Fedhas
Gozag
Hepliaklqana
Kikubaaqudgha
Makhleb
Nemelex Xobeh
Okawaru
Qazlal
Ru
Sif Muna
Trog
Uskayaw
Vehumet
Wu Jian
Xom
Yredelemnul
Zin
The Shining One
Lugonu

Shops:
D:6 (   D:9 *   D:10 (   D:14 !

Annotations:
D:14 2 transporters, Xisuv's ghost, journeyman MiDe
Lair:4 RaspberryAmber's ghost, journeyman MiFi


Innate Abilities, Weirdness & Mutations

((You are quick and stealthy near water. (Stealth+, EV+, Speed+++)))
Your lower body shifts to a powerful aquatic tail in water.


Message History

Reach: a) +1 trident (flame)
Press: ? - help, Dir - move target, f - +1 halberd "Farokez" {chaos, *Corrode rElec SInv Stlth+}
Aim: a +1 halberd "Farokez" {chaos, *Corrode rElec SInv Stlth+} (haloed, about 32% to evade your +1 trident of flaming)
You reach to attack!
You closely miss the +1 halberd "Farokez" {chaos, *Corrode rElec SInv Stlth+}.
You feel sick.
The +1 halberd "Farokez" {chaos, *Corrode rElec SInv Stlth+} misses you.
RaspberryAmber's ghost closely misses you.
Reach: a) +1 trident (flame)
Press: ? - help, Dir - move target, f/p - +1 halberd "Farokez" {chaos, *Corrode rElec SInv Stlth+}
Aim: a +1 halberd "Farokez" {chaos, *Corrode rElec SInv Stlth+} (haloed, about 32% to evade your +1 trident of flaming) RaspberryAmber's ghost is in the way.
You hit RaspberryAmber's ghost but do no damage.
The +1 halberd "Farokez" {chaos, *Corrode rElec SInv Stlth+} hits you from afar!
* * * LOW HITPOINT WARNING * * *
You feel your power leaking away.
Reach: a) +1 trident (flame)
Press: ? - help, Dir - move target, f/p - +1 halberd "Farokez" {chaos, *Corrode rElec SInv Stlth+}
Aim: a +1 halberd "Farokez" {chaos, *Corrode rElec SInv Stlth+} (haloed, about 32% to evade your +1 trident of flaming) RaspberryAmber's ghost is in the way.
You hit RaspberryAmber's ghost but do no damage.
You feel sick.
RaspberryAmber's ghost barely misses you.
The +1 halberd "Farokez" {chaos, *Corrode rElec SInv Stlth+} closely misses you.
Reach: a) +1 trident (flame)
Press: ? - help, Dir - move target, f/p - +1 halberd "Farokez" {chaos, *Corrode rElec SInv Stlth+}
Aim: a +1 halberd "Farokez" {chaos, *Corrode rElec SInv Stlth+} (haloed, about 32% to evade your +1 trident of flaming) RaspberryAmber's ghost is in the way.
You impale RaspberryAmber's ghost!! You burn RaspberryAmber's ghost.
RaspberryAmber's ghost is moderately damaged.
You feel sick.
RaspberryAmber's ghost closely misses you.
The +1 halberd "Farokez" {chaos, *Corrode rElec SInv Stlth+} hits you from afar!!
* * * LOW HITPOINT WARNING * * *
Unknown command.
You feel better.
The +1 halberd "Farokez" {chaos, *Corrode rElec SInv Stlth+} closely misses you.
RaspberryAmber's ghost wails.
RaspberryAmber's ghost hits you!!!
You die...

#.###....##.......##...........#
###........#....####...........#
##..................#.........##
............##..##..+...†.....#
...##.........#.#.###.<.......#
...##.8...#...#.##.#..#.##+####
.####...#.#...#.########...# .#
#.....##....######....P.##
8###..<...##8.<.@#...+..###.#
.##......###...##W.........##
.###.....###..####(........###
..#.#.8.###...# ##..##'##..#.#
.[.##...#....####...#$_$#...##
#...........####....##.##..##
##..........#........###...#
##....÷...######..........#
##....#### ######.+..P#


You could see a +1 halberd "Farokez" {chaos, *Corrode rElec SInv Stlth+} and
RaspberryAmber's ghost.

Vanquished Creatures
  4 vault guards (D:14)
  A rakshasa (D:15)
  3 boulder beetles
  2 hydras
  The ghost of Bob the Zephyrmancer, a journeyman DrAE of Gozag (D:11)
  A catoblepas (D:14)
  An ogre mage (D:14)
  3 centaur warriors
  A death yak (D:14)
  6 two-headed ogres
  A fire crab (Lair:4)
  4 skeletal warriors
  Pikel (D:5)
  A deep elf zephyrmancer (D:15)
  A necromancer (D:15)
  An ugly thing (D:9)
  2 orc knights
  3 deep elf pyromancers
  A wolf spider (D:15)
  3 cyclopes
  2 orc sorcerers
  A salamander (shapeshifter) (D:15)
  3 manticores
  4 black mambas
  A guardian serpent (D:12)
  A naga mage (D:15)
  2 unseen horrors (D:11)
  10 cane toads
  A rime drake (Lair:3)
  A centaur skeleton (D:15)
  A kobold demonologist (D:12)
  7 komodo dragons
  3 meliai (D:13)
  A queen bee (D:11)
  A wolf spider simulacrum (D:15)
  4 trolls
  10 slime creatures
  2 polar bears
  A hornet (D:11)
  8 blink frogs
  A meliai zombie (D:11)
  A dream sheep (D:14)
  2 shadows (D:12)
  6 wyverns
  14 yaks
  4 wraiths
  7 humans (D:14)
  4 basilisks
  A warg (D:15)
  Duvessa (D:4)
  3 nagas (Lair:3)
  7 water moccasins
  6 orc warriors
  An ice beast (D:7)
  10 black bears
  A hornet zombie (D:7)
  4 ogres
  3 necrophages
  A wolf (D:14)
  5 centaurs
  A lemure (D:5)
  3 kobold brigands
  12 bullfrogs
  A gnoll sergeant (D:8)
  2 scorpions
  Dowan (D:4)
  2 jellies
  13 wights
  9 killer bees
  A howler monkey (D:6)
  A bullfrog zombie (D:6)
  4 hounds
  2 orc priests
  5 centaur zombies
  A gnoll shaman (D:6)
  2 bullfrog skeletons (D:6)
  3 iguanas
  16 orc wizards
  2 merfolk sirens (Sewer)
  A merfolk avatar (Sewer)
  A howler monkey zombie (D:9)
  6 gnolls
  8 adders
  4 river rats
  2 shadow imps
  2 white imps (D:7)
  3 ufetubi
  An adder zombie (D:5)
  4 dart slugs
  24 orcs
  6 bats
  10 endoplasms
  4 giant cockroaches
  5 hobgoblins
  4 jackals (D:1)
  22 kobolds
  7 quokkas
  8 ball pythons
  3 frilled lizards (Sewer)
  31 rats
424 creatures vanquished.

Vanquished Creatures (others)
  A human (D:14)
  A basilisk (Lair:4)
  A killer bee (D:11)
  A kobold (D:8)
  10 fungi
  26 plants
40 creatures vanquished.

Grand Total: 464 creatures vanquished

Notes
Turn   | Place    | Note
-------+----------+-------------------------------------------
     0 | D:1      | Demosthentine the Merfolk Gladiator began the quest for the
                  | Orb.
     0 | D:1      | Reached XP level 1. HP: 16/16 MP: 1/1
   144 | D:1      | Reached XP level 2. HP: 21/23 MP: 2/2
   873 | D:1      | Reached XP level 3. HP: 28/28 MP: 3/3
  1070 | D:2      | Reached skill level 5 in Polearms
  1500 | D:2      | Reached skill level 1 in Armour
  1785 | D:3      | Found a faded altar of an unknown god.
  2080 | D:3      | Reached XP level 4. HP: 34/34 MP: 4/4
  2574 | D:3      | Identified a scroll of acquirement
  2574 | D:3      | Acquired 1183 gold pieces
  3078 | D:4      | Reached skill level 5 in Dodging
  3096 | D:4      | Reached XP level 5. HP: 27/41 MP: 5/5
  3740 | D:4      | Noticed Duvessa
  3748 | D:4      | Killed Duvessa
  3749 | D:4      | Reached skill level 6 in Polearms
  3749 | D:4      | Reached XP level 6. HP: 48/48 MP: 6/6
  3754 | D:4      | Noticed Dowan
  4072 | D:4      | Noticed a black bear
  4228 | D:3      | Killed a black bear
  4482 | D:4      | Killed Dowan
  4483 | D:4      | Reached XP level 7. HP: 52/55 MP: 7/7
  4712 | D:5      | Entered Level 5 of the Dungeon
  4883 | D:5      | Reached skill level 7 in Polearms
  4896 | D:5      | Found a glowing drain.
  4900 | Sewer    | Entered a sewer
  5754 | D:5      | Found an iron altar of Okawaru.
  6077 | D:5      | Noticed Pikel
  6109 | D:5      | Killed Pikel
  6110 | D:5      | Reached skill level 5 in Fighting
  6110 | D:5      | Reached skill level 8 in Polearms
  6110 | D:5      | Reached XP level 8. HP: 18/64 MP: 8/8
  6721 | D:6      | Identified the +0 leather armour "Hitaq" {Regen+}
  6960 | D:6      | Reached skill level 9 in Polearms
  6986 | D:6      | Reached XP level 9. HP: 47/70 MP: 9/9
  7266 | D:6      | Found an ancient bone altar of Kikubaaqudgha.
  7591 | D:6      | Found Xuiga's Weapon Shoppe.
  7890 | D:7      | Found a staircase to the Ecumenical Temple.
  8050 | Temple   | Entered the Ecumenical Temple
  8167 | Temple   | Became a worshipper of Zin the Law-Giver
  8167 | Temple   | Reached * piety under Zin
  8167 | Temple   | Reached ** piety under Zin
  8427 | D:7      | Reached skill level 10 in Polearms
  8437 | D:7      | Found a sparkling altar of Nemelex Xobeh.
  8456 | D:7      | Reached *** piety under Zin
  8884 | D:8      | Identified the +0 hunting sling "Ruyn" {vorpal, rElec
                  | Will++ rCorr MP-9}
  8938 | D:8      | Found a stormy altar of Qazlal.
  9210 | D:8      | Reached skill level 5 in Armour
  9283 | D:8      | Found a shimmering altar of Xom.
  9284 | D:8      | Found a shimmering altar of Xom.
  9288 | D:8      | Found a shimmering altar of Xom.
  9288 | D:8      | Found a shimmering altar of Xom.
  9290 | D:8      | Found a shimmering altar of Xom.
  9290 | D:8      | Found a shimmering altar of Xom.
  9290 | D:8      | Found a shimmering altar of Xom.
  9374 | D:8      | Reached XP level 10. HP: 75/79 MP: 10/10
  9456 | D:8      | Found a broken altar of Ashenzari.
  9531 | D:8      | Found a shimmering blue altar of Sif Muna.
  9810 | D:9      | Reached skill level 10 in Dodging
  9955 | D:9      | Found Hefitior's Assorted Antiques.
  9961 | D:9      | Bought a murky sapphire potion for 20 gold pieces
  9961 | D:9      | Bought a scroll of magic mapping for 80 gold pieces
  9961 | D:9      | Bought a scroll of enchant armour for 172 gold pieces
  9961 | D:9      | Bought a scroll of identify for 46 gold pieces
  9961 | D:9      | Bought a scroll of enchant weapon for 172 gold pieces
 10014 | D:9      | Reached skill level 11 in Polearms
 10025 | D:9      | Reached **** piety under Zin
 10081 | D:9      | Found a white marble altar of Elyvilon.
 10445 | D:9      | Found a staircase to the Lair.
 10473 | D:9      | Noticed a brown ugly thing
 10492 | D:9      | Killed a brown ugly thing
 10815 | D:9      | Found a burning altar of Makhleb.
 10895 | D:10     | Entered Level 10 of the Dungeon
 10926 | D:10     | Reached skill level 1 in Invocations
 11139 | D:10     | Reached ***** piety under Zin
 11282 | D:10     | Found a bloodstained altar of Trog.
 11335 | D:10     | Found Kunustec's Antique Weapon Emporium.
 11382 | D:10     | Found a glowing golden altar of the Shining One.
 11456 | D:10     | Fell from the grace of Zin
 11456 | D:10     | Became a worshipper of the Shining One
 11456 | D:10     | Reached * piety under the Shining One
 11456 | D:10     | Reached ** piety under the Shining One
 11603 | D:10     | Reached skill level 12 in Polearms
 11819 | D:11     | Noticed Bob's ghost (journeyman DrAE)
 11839 | D:11     | Found a transporter.
 11851 | D:11     | Found a transporter.
 12116 | D:11     | Noticed an unseen horror
 12121 | D:11     | Killed an unseen horror
 12122 | D:11     | Reached XP level 11. HP: 89/89 MP: 13/13
 12509 | D:11     | Killed Bob's ghost
 12514 | D:11     | Paralysed by a hornet for 3 turns
 12627 | D:12     | Noticed a cyclops
 12671 | D:12     | Killed a cyclops
 12708 | D:12     | Reached *** piety under the Shining One
 12846 | D:12     | Reached skill level 10 in Fighting
 12856 | D:12     | Reached skill level 13 in Polearms
 12856 | D:12     | Reached skill level 5 in Invocations
 12936 | D:12     | HP: 2/90 [slime creature (8)]
 13060 | D:12     | Found a staircase to the Orcish Mines.
 13073 | D:12     | Noticed an orc sorcerer
 13073 | D:12     | Noticed a two-headed ogre
 13130 | D:11     | Killed an orc sorcerer
 13173 | D:12     | Killed a two-headed ogre
 13299 | D:12     | Noticed a two-headed ogre
 13314 | D:12     | Killed a two-headed ogre
 13321 | D:12     | Noticed an orc knight
 13325 | D:12     | Noticed an orc sorcerer
 13357 | D:11     | HP: 3/92 [orc knight (6)]
 13374 | D:11     | Killed an orc knight
 13375 | D:11     | Reached XP level 12. HP: 15/99 MP: 16/16
 13655 | D:13     | Noticed a centaur warrior
 14040 | D:13     | Killed a centaur warrior
 14041 | D:13     | Reached skill level 14 in Polearms
 14599 | D:13     | Noticed a centaur warrior
 14620 | D:13     | Killed a centaur warrior
 14799 | D:13     | Reached **** piety under the Shining One
 15212 | D:13     | HP: 4/100 [slime creature (14)]
 15651 | D:14     | Found Sazish's Distillery.
 15656 | D:14     | Bought a potion of invisibility for 128 gold pieces
 15656 | D:14     | Bought a potion of resistance for 160 gold pieces
 15656 | D:14     | Bought a potion of curing for 48 gold pieces
 15656 | D:14     | Bought a potion of lignification for 48 gold pieces
 15656 | D:14     | Bought a potion of might for 64 gold pieces
 15656 | D:14     | Bought a potion of lignification for 48 gold pieces
 15656 | D:14     | Bought a potion of curing for 48 gold pieces
 15656 | D:14     | Bought a potion of curing for 48 gold pieces
 15770 | D:14     | Noticed a centaur warrior
 15778 | D:14     | Killed a centaur warrior
 16013 | D:14     | Noticed a boulder beetle
 16173 | D:14     | Noticed a catoblepas
 16253 | D:14     | Killed a boulder beetle
 16254 | D:14     | Reached skill level 15 in Polearms
 16319 | D:14     | Killed a catoblepas
 16320 | D:14     | Reached XP level 13. HP: 91/107 MP: 19/19
 16344 | D:14     | Noticed a sphinx
 16345 | D:14     | Found a transporter.
 16347 | D:14     | Noticed Xisuv's ghost (journeyman MiDe)
 16369 | D:14     | Found a huge runed translucent gate.
 16369 | D:14     | Found a huge runed translucent gate.
 16369 | D:14     | Found a huge runed translucent gate.
 16369 | D:14     | Found a huge runed translucent gate.
 16406 | D:14     | Found a transporter.
 16526 | D:14     | Noticed a vault guard
 16526 | D:14     | Noticed a vault guard
 16535 | D:14     | Noticed a vault guard
 16540 | D:14     | Noticed a vault guard
 16542 | D:14     | The Shining One protects you from harm!
 16542 | D:14     | The Shining One protects you from harm!
 16554 | D:14     | Killed a vault guard
 16558 | D:14     | Killed a vault guard
 16577 | D:14     | Killed a vault guard
 16587 | D:14     | Killed a vault guard
 16666 | D:14     | Found a gate to the Vaults.
 16778 | D:14     | Noticed an entropy weaver
 16778 | D:14     | an entropy weaver changed into a four-headed hydra
 16781 | D:14     | Noticed a quicksilver ooze
 16781 | D:14     | a catoblepas changed into a quicksilver ooze
 16786 | D:14     | Noticed a great orb of eyes
 16786 | D:14     | a quicksilver ooze changed into a great orb of eyes
 17014 | D:15     | Entered Level 15 of the Dungeon
 17121 | D:14     | Reached skill level 16 in Polearms
 17362 | D:15     | Noticed a rakshasa
 17387 | D:15     | HP: 4/109 [rakshasa (illusionary)/lance of force (24)]
 17391 | D:15     | Killed a rakshasa
 17748 | D:15     | Reached skill level 15 in Dodging
 17827 | D:15     | Reached skill level 10 in Invocations
 18513 | D:15     | Found a staircase to the Depths.
 18527 | D:15     | Reached XP level 14. HP: 116/116 MP: 21/21
 18698 | Lair:1   | Entered Level 1 of the Lair of Beasts
 20500 | Lair:3   | Reached skill level 17 in Polearms
 20707 | Lair:3   | Found a staircase to the Shoals.
 20803 | Lair:3   | Found a staircase to the Snake Pit.
 21226 | Lair:4   | Found a runed translucent door.
 21226 | Lair:4   | Found a shimmering altar of Xom.
 21226 | Lair:4   | Noticed RaspberryAmber's ghost (journeyman MiFi)
 21226 | Lair:4   | Identified the +1 halberd "Farokez" {chaos, *Corrode rElec
                  | SInv Stlth+}
 21226 | Lair:4   | Reached ***** piety under the Shining One
 21295 | Lair:4   | HP: 2/118 [fire crab (7)]
 21492 | Lair:4   | Identified the +0 pair of boots "Ydgheuk" {Rampage rElec
                  | Str+8 Dex-3}
 22208 | Lair:4   | Demolished by RaspberryAmber's ghost

Illustrated notes

Levels and vault maps discovered:
D:1:      onia_arrival_pentagram, layout_loops_corners, minivault_19
D:2:      layout_rooms
D:3:      layout_basic, serial_corexii_hall, corexii_hall_statues_i,
          corexii_hall_statues_u, chequers_ecumenical_altar_simple_redux,
          grunt_ministairs_8
D:4:      layout_gridville, uniq_duvessa
D:5:      layout_loops_corners, amcnicky_altar_gilded, gup_sewer_entry_spiral,
          minmay_misc_feat_tower, uniq_pikel
D:6:      layout_gridville, mainiacjoe_overflow_surrounded_room, serial_shops,
          shop_statue
D:7:      layout_loops_corners, nemelex_dance_club_becter,
          minmay_temple_entry_statues
D:8:      layout_rooms, grunt_qazlal_sundering, xom_redecorated,
          mainiacjoe_overflow_two_lobes, minmay_misc_feat_four_crosses
D:9:      layout_basic, mainiacjoe_overflow_alcove_2,
          mainiacjoe_overflow_small_starburst, dpeg_oklobed_lair, serial_shops,
          shop_fountains
D:10:     layout_irregular_city, mainiacjoe_overflow_cross_hatched,
          mainiacjoe_overflow_concentric_impassable, serial_shops, shop
D:11:     layout_small_grid, gammafunk_ghost_hive
D:12:     layout_big_octagon, orc_0_dummy, nrook_guardian_serpent_double
D:13:     layout_rooms, serial_corexii_hall, corexii_hall_statues_t,
          corexii_hall_statues_l, corexii_hall_statues_x
D:14:     lemuel_bear_cage, layout_loops_ring, ximxim_vaults_locker_room,
          serial_shops, nicolae_shop_crystal, dk_noncrumbling_3,
          gammafunk_ghost_arena
D:15:     grunt_enter_depths_magical_seal, layout_cave_pools
Temple:   kb_corrupted_temple
Lair:1:   layout_long_grid
Lair:2:   layout_long_grid
Lair:3:   layout_misc_corridors, elwin_shoals_entry_rocks,
          guppyfry_snake_entry_garden, serial_bayou_pond_c
Lair:4:   layout_roguey, ebering_ghost_xom, grunt_megastairs_5,
          lemuel_fruit_fields

Skill      XL: |  1  2  3  4  5  6  7  8  9 10 11 12 13 14 |
---------------+-------------------------------------------+-----
Polearms       | 5 6 8 9 10 12 13 15 16 17 | 17.3
Armour         | 1 2 3 4 5 |  5.6
Fighting       | 3 4 5 6 7 9 10 11 12 13 | 13.7
Dodging        | 5 6 7 8 9 11 12 14 15 16 | 16.1
Invocations    | 3 6 8 10 11 | 11.2
Throwing       | |  2.0

Action                   |  1- 3 |  4- 6 |  7- 9 | 10-12 | 13-15 || total
-------------------------+-------+-------+-------+-------+-------++-------
Melee: Trident           |   124 |   142 |   517 |   906 |   866 ||  2555
       Tailslap          |       |       |     6 |       |       ||     6
Throw: Throwing net      |       |     1 |     1 |     3 |       ||     5
Invok: Cleansing Flame   |       |       |       |     2 |     1 ||     3
       Divine Shield     |       |       |       |       |     3 ||     3
Evoke: Wand              |       |       |       |       |     1 ||     1
  Use: Scroll            |     7 |     5 |     7 |     6 |     3 ||    28
       Potion            |       |     4 |       |     8 |     8 ||    20
 Stab: Sleeping          |     4 |     1 |     8 |       |       ||    13
       Held in net/web   |       |       |     3 |     2 |       ||     5
Armor: Leather armour    |    30 |    47 |    79 |   112 |    59 ||   327
       Skin              |       |     4 |       |       |       ||     4
Dodge: Dodged            |    64 |   121 |   316 |   576 |   511 ||  1588
Block: Other             |       |       |       |       |    10 ||    10

Table legend: (Time is in decaauts)
 A = Elapsed time spent in this place.
 B = Non-inter-level travel time spent in this place.
 C = Inter-level travel time spent in this place.
 D = Time resting spent in this place.
 E = Time spent auto-exploring this place.
 F = Levels seen in this place.
 G = Mean time per level.
                   A        B        C        D        E       F      G
               +--------+--------+--------+--------+--------+-----+--------+
         Total |  21343 |  20703 |    640 |   2399 |  14170 |  21 | 1016.3 |
       Dungeon |  17256 |  16688 |    568 |   2211 |  11117 |  15 | 1150.4 |
        Temple |    136 |    136 |      0 |      0 |     92 |   1 |  136.0 |
          Lair |   3312 |   3241 |     71 |    188 |   2495 |   4 |  828.0 |
         Sewer |    639 |    639 |      0 |      0 |    464 |   1 |  639.0 |
               +--------+--------+--------+--------+--------+-----+--------+

Top non-repeatable levels by time:
    D:12: 1553 daAuts
    D:14: 1508 daAuts
     D:3: 1478 daAuts
     D:4: 1456 daAuts
     D:5: 1294 daAuts
    D:15: 1252 daAuts
    D:13: 1210 daAuts
     D:9: 1136 daAuts
     D:1: 1023 daAuts
    D:11: 985 daAuts
     D:7: 979 daAuts
  Lair:4: 938 daAuts
     D:6: 914 daAuts
     D:8: 872 daAuts
  Lair:2: 864 daAuts
